 Dungeon Crawl Stone Soup version 0.30.1-9-gdf580d7c3d (webtiles) character file.

Game seed: 8440075725664576232

1113 Nonny the Conjurer (level 8, -1/49 HPs)
             Began as a Tengu Earth Elementalist on Oct 8, 2023.
             Slain by a killer bee (7 damage)
             ... on level 7 of the Dungeon.
             The game lasted 00:33:38 (5212 turns).

Nonny the Conjurer (Tengu Earth Elementalist)       Turns: 5212, Time: 00:33:38

Health: -1/49      AC:  8    Str:  8    XL:     8   Next: 33%
Magic:  12/12      EV: 16    Int: 18    God:
Gold:   386        SH:  0    Dex: 15    Spells: 4/11 levels left

rFire   . . .        o - +1 dagger (venom)
rCold   . . .        (no shield)
rNeg    . . .        a - +0 robe
rPois   .            (helmet restricted)
rElec   .            h - +1 cloak
rCorr   .            (no gloves)
SInv    .            (boots unavailable)
Will    +....        (no amulet)
Stlth   +++          m - +4 ring of protection
HPRegen 0.28/turn    v - ring of willpower
MPRegen 0.13/turn

%: no passive effects
@: flying quickly and evasively, quick
A: beak, talons 3, nimble flight
a: no special abilities


You were on level 7 of the Dungeon.
You visited 2 branches of the dungeon, and saw 8 of its levels.

You collected 416 gold pieces.
You spent 30 gold pieces at shops.

Inventory:

Hand Weapons
 c - a +0 dagger of protection
 k - a +2 dagger of speed
 o - a +1 dagger of venom (weapon)
 r - the +6 dagger of Ytofrur {heavy, rPois Dex+2}
   (You found it on level 4 of the Dungeon)

   Dex:       It affects your dexterity (+2).
   rPois:     It protects you from poison.
Missiles
 t - 9 poisoned darts
Armour
 a - a +0 robe (worn)
 h - a +1 cloak (worn)
Magical Staves
 j - a staff of fire
Jewellery
 m - a +4 ring of protection (left hand)
 v - a ring of willpower (right hand)
Wands
 l - a wand of flame (40)
Scrolls
 f - a scroll of enchant armour
 g - a scroll of poison
 p - a scroll of teleportation
 u - a scroll of vulnerability
 w - a scroll of blinking {unknown}
 x - a scroll of fog
 y - a scroll of identify
 z - a scroll of enchant weapon {unknown}
Potions
 b - 2 potions of magic
 d - 3 potions of curing
 e - 3 potions of heal wounds
 i - 2 potions of ambrosia
 n - a potion of brilliance {unknown}
 q - 2 potions of haste
 s - a potion of degeneration {unknown}


   Skills:
 + Level 5.3 Fighting
 - Level 0.1 Short Blades
 + Level 3.7 Dodging
 - Level 4.0 Stealth
 - Level 2.0 Spellcasting
 - Level 7.0 Conjurations
 - Level 0.7 Transmutations
 + Level 3.3 Earth Magic
 - Level 0.2 Evocations


You had 4 spell levels left.
You knew the following spells:

 Your Spells              Type           Power      Damage    Failure   Level
a - Sandblast             Erth           28%        2d8       4%          1
b - Passwall              Tmut/Erth      7%         N/A       12%         2
c - Stone Arrow           Conj/Erth      40%        3d9       6%          3
d - Apportation           Tloc           2%         N/A       19%         1

Your spell library contained the following spells:

 Spells                   Type           Power      Damage    Failure   Level
 Petrify                  Tmut/Erth      9%         N/A       61%         4
 Cause Fear               Hex            0%         N/A       87%         4
 Alistair's Intoxication  Tmut/Pois      2%         N/A       99%         5
 Dragon Form              Tmut           2%         N/A       100%        7
 Dragon's Call            Summ           0%         N/A       100%        9


Dungeon Overview and Level Annotations

Branches:
Dungeon (7/15)             Temple (1/1) D:5

Altars:
Ashenzari
Cheibriados
Dithmenos
Fedhas
Hepliaklqana
Kikubaaqudgha
Makhleb
Qazlal
Ru
Sif Muna
Trog
Uskayaw
Vehumet
Wu Jian
Yredelemnul
Zin
The Shining One

Shops:
D:6 *


Innate Abilities, Weirdness & Mutations

You have a beak for a mouth.
You have claws for feet.
Your magical nature lets you fly swiftly and evasively.


Message History

The killer bee barely misses you.
Your +1 dagger of venom begins to drip with poison!
o - a +1 dagger of venom (weapon)
The killer bee closely misses you.
Unknown command.
You barely miss the killer bee. Your kick misses the killer bee.
The killer bee misses you. The killer bee stings you.
You hit the killer bee.
The killer bee is poisoned.
Your kick misses the killer bee.
The killer bee is lightly wounded.
The killer bee misses you. The killer bee barely misses you.
You hit the killer bee. Your kick misses the killer bee.
The killer bee is moderately wounded.
The killer bee barely misses you. The killer bee stings you.
You barely miss the killer bee. You peck the killer bee.
The killer bee is severely wounded.
The killer bee closely misses you. x2
You hit the killer bee.
The killer bee looks even sicker.
Your kick misses the killer bee.
The killer bee is severely wounded.
The killer bee closely misses you. The killer bee barely misses you.
You hit the killer bee. Your kick misses the killer bee.
The killer bee is almost dead.
You kill the killer bee!
The killer bee completely misses you.
You miss the killer bee. Your kick misses the killer bee.
The killer bee stings you.
You are poisoned.
The killer bee poisons you! The killer bee stings you!
* * * LOW HITPOINT WARNING * * *
You barely miss the killer bee.
* * * LOW HITPOINT WARNING * * *
You feel sick. The killer bee stings you.
* * * LOW HITPOINT WARNING * * *
The killer bee stings you but does no damage.
Unknown command.
You feel better. The killer bee stings you.
* * * LOW HITPOINT WARNING * * *
The killer bee stings you!
You die...

## #.# ..
#.############## ### #.
#...............
....##$##################
..#....#.................
.......)..†...###########
.#..y..#.####.#
.y...#.#y# #.# .K.# ..#@#
#.# .. .[.#.# #.# .
y...#)# #.# .#...#.# #.#
....#.#.# #.# #.# #.# #.#
..#


You could see a killer bee.

Vanquished Creatures
  2 ice beasts (D:6)
  An ogre (D:6)
  2 kobold brigands
  A bullfrog (D:7)
  A scorpion (D:6)
  4 killer bees (D:7)
  3 hounds
  An orc priest (D:4)
  2 jellies
  2 iguanas (D:6)
  6 adders
  A shadow imp (D:6)
  A white imp (D:5)
  14 orcs
  9 ball pythons
  4 bats
  7 endoplasms
  4 giant cockroaches
  6 goblins
  6 hobgoblins (D:1)
  4 jackals (D:4)
  12 kobolds
  2 quokkas (D:1)
  4 frilled lizards
  6 rats
105 creatures vanquished.

Notes
Turn   | Place    | Note
-------+----------+-------------------------------------------
     0 | D:1      | Nonny the Tengu Earth Elementalist began the quest for the
                  | Orb.
     0 | D:1      | Reached XP level 1. HP: 10/10 MP: 4/4
    68 | D:1      | Starting vault: two rows of trees.
    85 | D:1      | Going to the west leads to a goblin with a dagger of
                  | protection. Going to the east leads to a rat and a +0
                  | helmet.
   186 | D:1      | Reached XP level 2. HP: 16/16 MP: 4/6
   241 | D:1      | Learned a level 2 spell: Passwall
   454 | D:1      | 4chamb floor
   488 | D:1      | Reached XP level 3. HP: 20/20 MP: 5/7
   623 | D:1      | Reached skill level 1 in Fighting
   944 | D:2      | staff of fire
  1745 | D:3      | puce potion - curing
  1745 | D:3      | HANYDW BUIDGHE - identify
  1766 | D:2      | Reached XP level 4. HP: 8/25 MP: 6/8
  1825 | D:3      | Found a sacrificial altar of Ru.
  1949 | D:3      | +4 ring of protection in southwest
  1963 | D:3      | murky yellow potion - heal wounds
  2068 | D:3      | Neat fountain and water vault
  2178 | D:3      | Learned a level 3 spell: Stone Arrow
  2335 | D:4      | Book of Party Tricks
  2337 | D:4      | Learned a level 1 spell: Apportation
  2432 | D:4      | BILUNNU WUCOSE - enchant armor
  2446 | D:4      | Reached skill level 1 in Conjurations
  2446 | D:4      | OLAMIFASCHA - poison
  2477 | D:4      | Reached skill level 2 in Conjurations
  2557 | D:4      | Gained mutation: Your magical nature lets you fly swiftly
                  | and evasively. [Tengu growth]
  2557 | D:4      | Reached XP level 5. HP: 30/30 MP: 6/9
  2737 | D:4      | Identified the +6 dagger of Ytofrur {heavy, rPois Dex+2}
  2738 | D:4      | It's in the east.
  2753 | D:4      | sedimented white potion - hate
  2753 | D:4      | *haste
  2792 | D:4      | golden potion - ambrosia
  2851 | D:4      | Reached skill level 3 in Conjurations
  2952 | D:3      | Northeastern uphatch on D:4 leads to northwestern D:3.
  3129 | D:5      | Entered Level 5 of the Dungeon
  3195 | D:4      | D:5 uphatch leads to northwestern D:4.
  3235 | D:5      | Found a staircase to the Ecumenical Temple.
  3266 | D:5      | Basic temple entrance vault. 2x2 stone and translucent
                  | walls.
  3267 | Temple   | Entered the Ecumenical Temple
  3409 | Temple   | Temple: forest tick
  3460 | D:5      | Reached skill level 4 in Conjurations
  3460 | D:5      | Reached XP level 6. HP: 33/36 MP: 10/10
  3464 | D:5      | Book of the Dragon
  3612 | D:5      | Found a shimmering blue altar of Sif Muna.
  4029 | D:6      | Noticed an ice beast
  4102 | D:6      | TYFEINTELAX - teleportation
  4103 | D:6      | ARGHED TESUKH - vulnerability
  4104 | D:6      | RUCES QUCVEGU - fog
  4105 | D:6      | VASIUJE IKIUFF - fear
  4114 | D:6      | Reached skill level 5 in Conjurations
  4191 | D:6      | Found an ornate altar of the Wu Jian Council.
  4249 | D:6      | Found a broken altar of Ashenzari.
  4249 | D:6      | Noticed an ice beast
  4250 | D:6      | Found a stormy altar of Qazlal.
  4402 | D:6      | Reached XP level 7. HP: 39/42 MP: 11/11
  4487 | D:6      | Reached skill level 6 in Conjurations
  4542 | D:6      | Identified the +0 plate armour "Siuf" {Rampage Dex+3 SInv}
  4654 | D:6      | Reached skill level 7 in Conjurations
  4789 | D:6      | Found Zikk's General Store.
  4797 | D:6      | Bought a potion of curing for 30 gold pieces
  5133 | D:7      | Reached XP level 8. HP: 48/48 MP: 12/12
  5143 | D:7      | Reached skill level 5 in Fighting
  5211 | D:7      | HP: 2/49 [killer bee (3)]
  5212 | D:7      | Slain by a killer bee

Illustrated notes ### ### ...r ..## ..... .#.♣♣♣♣♣♣♣♣♣♣♣♣♣♣♣...... ..........<.....@.....[. .#.♣♣♣♣♣♣♣♣♣♣♣♣♣♣♣...... ..## ### ##.## ..# #.# ..# #.# ..####.# .......# #.###### #.# Turn 68 on D:1: Starting vault: two rows of trees. #### ...###### #......# # ##.....# ♣♣♣♣♣♣♣♣♣♣♣♣♣♣♣...†..# .......<........@..[.# ♣♣♣♣♣♣♣♣♣♣♣♣♣♣♣......# # ### ####.### #.# #.# #.# #.# ###.# #.# ....# #.# ##### #.# ... Turn 85 on D:1: Going to the west leads to a goblin with a dagger of protection. Going to the east leads to a rat and a +0 helmet. #......# #.# ##...##.....# #.....####.###.....#.##.[##### #..........##.....†..##......# ........####....^....###.....#### .##........'.....†[......(....... .##.#...####.................#### )##.##.## ##.......######.#.# .##....# ##.....## ###.# .#####.# ##.@.## ##.## .#####.# ##'## ##.#.## )......# #.# #.###.# ######.# #.# ##.#.## #.# ... ##.## #.# ....# #†# #.. ...... #.# ### ##.....# #.# #.#.#.. ..# Turn 454 on D:1: 4chamb floor #.#......# ..#......# #######......# .............# ########.....# #.+.....+ #######.#.....# .............## ######@####.# #.# .# ..# .# #### Turn 944 on D:2: staff of fire ###### #....# #....# #....# #....# #.#####....# #......@...# ...........# ...........# .....####.... ..... ...... .... ...... ~~. ..... S.~ ..... Turn 1745 on D:3: puce potion - curing #......... #......... #......... ##########......... #.................. #.@................ #.................. #.................. #.................[ ##########......... ########## Turn 1949 on D:3: +4 ring of protection in southwest ......... .. .........# ##.. .....[...###... .............# ....$....!..# ............# ...........##### ........@....... #####.......... #.......... #..........####.# #............... ##########..........###.##### #...................##......# #...........................# #...........................# Turn 1963 on D:3: murky yellow potion - heal wounds

.#######.....................#
.....# #.#...................#
####.###.##............####.....
####..##.##..~~........# ......
....).†..##.~).~.......## ......
#####.####)))..~..~~...~## .....
.......##~~~..~..~..~..~~# .....
.......##~~...~.⌠~..~..~~#
.......##~~..~..@⌠.~...~~#
.......##~~..~..~..~..~~~#
........##~...~~..~..~~~##
.........##.......~..~.##
.......#.##........~~..#
.......#.##............#
........................#
..........#####...#######
#.....[...###...##


Turn 2068 on D:3: Neat fountain and water vault #.# #.# #.## ...# ###### #..# .#
#....# #..##...# ########....####.....# .......'......).@# .#######....###.[..#
..<# #....##.....# #### #######.....# ....!... ###....### ###### Turn 2335 on
D:4: Book of Party Tricks . ########### . #...o.o...# . #o#######.# o #o# #.# .
#.# #o#######. #.# #.##...#.. #o# #.o'.[o'.# #@# ####...#.. #.# #...### #.#
#...# #.# ##### #.# #.# #.# #.# #### #.# #... Turn 2432 on D:4: BILUNNU WUCOSE -
enchant armor . ########### . #○..o.o...# . #)#######.# o #)# #.# . #○#
#o#######. #.# #.##...#.. #)# #.o'.[o'.# #@# ####...#.. #☼# #...### #°# #...#
#.# ##### #°# #○# #.# #°# #### #.# #... Turn 2446 on D:4: OLAMIFASCHA - poison .
. . ..##### .# . ....).. .# #..... .# .# #.....####.# . #.....@....#
#..........# ....##(.....# # ### #......# ### #......# ..## #......# ...# #
######.# ...##.# #†# ......## #.# Turn 2738 on D:4: It's in the east. ##...#
#..... #..###### . ...#####..... ....)..# . ##......... #.....# . .# ###.#.###.#
#.....####. .# #........ #.......... .####.#..## #######.......... ..........##
##........##(..... .#######...## #.....######...... ## #.#..####@....# #......
#......##.....# #...... #####...##+#### ######. #.....##.# #† #........## #.
#.........## #. #....####..## #. #....###....# #. #.##)#.#.#.## #. Turn 2753 on
D:4: sedimented white potion - hate ############### .........^...<# .......@#
#######.# #.# #.# #.# #.# ### #.# #....###.# #.....# Turn 2792 on D:4: golden
potion - ambrosia #........# #.##.# ##.#####.# #.##.# # #.# #.#### #.##.# #
#.#####>...# #.##.#### # #.....#.####### #.......# #
#####.#..#....#########.##.# # #.#....##.#....# #.##.#####
#.#.#####...##.####.##...... #.#.#######@................ #.#.....#
#.#............... #.#####.###.##............## #.#####..##.##..~~........#
#......).†..##.~).~.......## ########.####)))..~..~~...~#
#.......##~~~..~..~..~..~~ #.......##~~...~.⌠~..~..~~ #.......##~~..~..~⌠.~...~~
Turn 2952 on D:3: Northeastern uphatch on D:4 leads to northwestern D:3.
######## ######## #......# #......# ###### #......# #......# .....# #......#
#......# ####.# #......###########....... #.# #.......@......(.........
#)#######...###########....... #.##...#..### ##########. #.)'.[.'.### ######...#
## ####...#...# #........# #...###.## #.####...# #...# #..###.# #...# #####
##...#.# ##.## ## ###.#.# #.# #. Turn 3195 on D:4: D:5 uphatch leads to
northwestern D:4. #..#.#.. . .....#. #... #..# .#.#.#... ##....#..###.......
...#. ..........# #... #.##...##.##. #..# #.##...##.... #.####..# #.........#
........####....@....# #######................. ######.##...##.##. ##..##...##.#
#...........## #.....#.#..... #.....#...##### #.........# #.#####.### Turn 3266
on D:5: Basic temple entrance vault. 2x2 stone and translucent walls.
♣♣..♣♣♣........♣♣♣♣..♣♣ ♣♣..♣....###...♣♣..♣♣ ♣♣....###.###....♣♣
♣♣...#_..._#...♣♣ ♣..##.....##..♣ ♣∩.#...⌠...'.∩♣ ♣..##.....##..♣
♣♣...#_..._#...♣♣ ♣♣....###.###.@..♣♣ ♣♣..♣♣...###....♣..♣♣
♣♣..♣♣♣♣........♣♣♣..♣♣ ♣..♣♣ ♣♣...<...♣♣ ♣♣..♣ ♣_♣♣ ♣♣..♣♣♣♣♣..♣♣ ♣♣_♣ ♣♣♣
♣♣..♣♣ ♣♣..♣♣ ♣♣♣ ♣♣..♣♣ ♣♣..♣♣ ♣_.♣♣ ♣♣._♣ ♣♣♣♣ ♣♣♣♣ Turn 3409 on Temple:
Temple: forest tick ### ### ..# #.. .# #.#.###.# #..# .#.#.. .......#.##.#....
.. #..# .#.#.#..........# ...#..###.......@##.##..# .#. ..........##........# ..
#.##...##.##........# .# #.##...##.......###. .# #.........##.####
.####....>....##.# .................# #####.##...##.##.# ##..##...##.##.# Turn
3464 on D:5: Book of the Dragon #### ############ ...################..........#
##..............@...########.# #################### #.# ### ..K #.###
#########.## ... #...# .........#.# ..# K........# #######.###.#..# #.####...#
.......## #.. #..## #######.###.#.# #..# ##.#.# .# #..# Turn 4102 on D:6:
TYFEINTELAX - teleportation #### ############ ...################..........#
##..............@...########.# #################### #.# ### ..K #.###
#########.## ... #...# .........#.# ..# K........# #######.###.#..# #.####...#
.......## #.. #..## #######.###.#.# #..# ##.#.# .# #..# Turn 4103 on D:6: ARGHED
TESUKH - vulnerability #### ############ ...################..........#
##............§§@§§.########.# #################### #.# ### ..K #.###
#########.## ... #...# .........#.# ..# K........# #######.###.#..# #.####...#
.......## #.. #..## #######.###.#.# #..# ##.#.# .# #..# Turn 4104 on D:6: RUCES
QUCVEGU - fog #### ############ ...################..........#
##............§§@§§.########.# #################### #.# ### ..K #.###
#########.## ... #...# .........#.# ..# K........# #######.###.#..# #.####...#
.......## #.. #..## #######.###.#.# #..# ##.#.# .# #..# Turn 4105 on D:6:
VASIUJE IKIUFF - fear

Levels and vault maps discovered:
D:1:      eino_arrival_tree_alley, layout_loops_corners, serial_bayou_pond_b,
          minmay_strange_pillars
D:2:      layout_basic
D:3:      cheibrodos_helix_gallery, layout_basic, mainiacjoe_overflow_catwalk
D:4:      layout_basic, eino_tiny_chamber, st_stairs_9
D:5:      layout_loops_ring, amcnicky_altar_gilded,
          minmay_temple_entry_stoned_glass
D:6:      layout_loops_ring, nicolae_wu_jian_immortal_techniques,
          grunt_temple_overflow_open, serial_shops, shop_fountains
D:7:      layout_basic, mainiacjoe_overflow_boulevard, minmay_misc_feat_plants,
          minmay_hedge_maze
Temple:   hellmonk_temple_forest_ring

Skill      XL: |  1  2  3  4  5  6  7  8 |
---------------+-------------------------+-----
Stealth        | 3 4 |  4.0
Fighting       | 1 2 3 4 5 |  5.3
Conjurations   | 2 4 5 7 |  7.0
Dodging        | 3 |  3.7
Earth Magic    | 3 |  3.3
Short Blades   | |  0.1
Spellcasting   | |  2.0
Transmutations | |  0.7
Evocations     | |  0.2

Action                     |  1- 3 |  4- 6 |  7- 9 || total
---------------------------+-------+-------+-------++-------
  Melee: Unarmed           |     9 |       |       ||     9
         Dagger            |    54 |   135 |    73 ||   262
         Kick              |    15 |    45 |    13 ||    73
         Peck              |     4 |    21 |    13 ||    38
         Punch             |       |     1 |       ||     1
   Cast: Sandblast         |    35 |    16 |     8 ||    59
         Passwall          |     1 |     1 |       ||     2
         Stone Arrow       |       |       |     9 ||     9
  Evoke: Wand              |       |     5 |       ||     5
    Use: Scroll            |     1 |     9 |       ||    10
         Potion            |       |     1 |     2 ||     3
   Stab: Sleeping          |     5 |     8 |     1 ||    14
 Armour: Robe              |     9 |    59 |    21 ||    89
  Dodge: Dodged            |    39 |    93 |    72 ||   204
